 Dungeon Crawl Stone Soup version 0.30-a0-779-g7971cf19c3 (webtiles) character file.

Game seed: 8737767124315057064

53831 kae the Warrior (level 14, -3/106 HPs)
             Began as a Gargoyle Earth Elementalist on Feb 17, 2023.
             Was a High Priest of Vehumet.
             Killed from afar by an oklob plant (11 damage)
             ... with a splash of acid
             ... on level 5 of the Lair of Beasts.
             The game lasted 00:21:38 (20891 turns).

kae the Warrior (Gargoyle Earth Elementalist)      Turns: 20891, Time: 00:21:38

Health: -3/106     AC: 23    Str: 12    XL:     14   Next: 70%
Magic:  0/28       EV: 15    Int: 27    God:    Vehumet [*****.]
Gold:   823        SH:  5    Dex: 10    Spells: 4/33 levels left

rFire   . . .      SeeInvis .    D - staff of conjuration {!a}
rCold   . . .      Faith    .    (no shield)
rNeg    + . .      Spirit   .    a - +0 robe
rPois   ∞          Reflect  +    (no helmet)
rElec   +          Harm     .    (no cloak)
rCorr   .          Rampage  .    j - +2 pair of gloves
Will    +....                    z - +2 pair of boots
Stlth   ++                       M - amulet of reflection
HPRegen 0.37/turn                I - +6 ring of intelligence
MPRegen 0.21/turn                o - +4 ring of protection

@: flying
A: sickness immunity, AC +10, big wings, negative energy resistance 1,
electricity resistance, torment resistance 1, petrification resistance
a: Renounce Religion


You were on level 5 of the Lair of Beasts.
You worshipped Vehumet.
Vehumet was extremely pleased with you.
You visited 3 branches of the dungeon, and saw 18 of its levels.
You also visited: Ossuary, Ice Cave and Volcano.

You collected 1659 gold pieces.
You spent 836 gold pieces at shops.


Innate Abilities, Weirdness & Mutations

You are immune to sickness and miasma.
Your stone body is resilient. (AC +10)
You are immune to poison.
Your large and strong wings let you fly.
You resist negative energy. (rN+)
You are resistant to electric shocks. (rElec)
You are resistant to unholy torment.
You are immune to petrification.


   Skills:
 - Level 19.2 Fighting
 + Level 7.5 Armour
 + Level 9.6 Dodging
 - Level 2.1 Stealth
 + Level 10.3 Spellcasting
 - Level 8.0 Conjurations
 - Level 0.7 Transmutations
 - Level 10.0 Earth Magic


You had 4 spell levels left.
You knew the following spells:

 Your Spells              Type           Power      Damage    Failure   Level
a - Sandblast             Erth           100%       2d20      1%          1
b - Stone Arrow           Conj/Erth      100%       3d13      1%          3
c - Iron Shot             Conj/Erth      38%        9d8       4%          6
d - Lehudib's Crystal Sp  Conj/Erth      38%        10d9      83%         8
e - Lee's Rapid Deconstr  Erth           30%        3d16*     1%          5
f - Passwall              Tmut/Erth      35%        N/A       1%          2
g - Petrify               Tmut/Erth      42%        N/A       4%          4

Your spell library contained the following spells:

 Spells                   Type           Power      Damage    Failure   Level
 Irradiate                Conj/Tmut      27%        3d20      5%          5
 Freeze                   Ice            52%        1d6       1%          1
 Magic Dart               Conj           100%       1d8       1%          1
 Hailstorm                Conj/Ice       52%        3d12      1%          3
 Mephitic Cloud           Conj/Pois/Air  42%        N/A       1%          3
 Frozen Ramparts          Ice            26%        1d4       3%          3
 Necrotise                Necr           52%        1d6       4%          1
 Slow                     Hex            52%        N/A       4%          1
 Animate Armour           Summ/Erth      80%        N/A       5%          4
 Leda's Liquefaction      Hex/Erth       20%        N/A       5%          4
 Call Imp                 Summ           13%        N/A       6%          2
 Ensorcelled Hibernation  Hex/Ice        26%        N/A       6%          2
 Olgreb's Toxic Radiance  Pois           13%        N/A       11%         4
 Call Canine Familiar     Summ           13%        N/A       13%         3
 Confusing Touch          Hex            13%        N/A       13%         3
 Ozocubu's Armour         Ice            13%        N/A       13%         3
 Portal Projectile        Hex/Tloc       26%        N/A       13%         3
 Swiftness                Air            13%        N/A       13%         3
 Vampiric Draining        Necr           13%        2d6       13%         3
 Ice Form                 Ice/Tmut       15%        N/A       34%         4
 Passage of Golubria      Tloc           13%        N/A       38%         4
 Blade Hands              Tmut           8%         N/A       65%         5
 Agony                    Necr           13%        N/A       75%         5
 Silence                  Hex/Air        6%         N/A       75%         5
 Ozocubu's Refrigeration  Ice            6%         4d8       100%        7
 Ignition                 Fire           6%         3d4       100%        8
 Polar Vortex             Ice            6%         N/A       100%        9
 Statue Form              Tmut/Erth      Unusable   N/A       N/A         6

Inventory:

Hand Weapons
 H - the +8 mace of Metoast {spect, Int+4 SInv}
   (You found it on level 5 of the Lair of Beasts)

   Int:       It affects your intelligence (+4).
   SInv:      It lets you see invisible.
Missiles
 c - 3 poisoned darts
 u - 5 stones
Armour
 a - a +0 robe (worn)
 j - a +2 pair of gloves (worn)
   (You found it on level 3 of the Lair of Beasts)
 z - a +2 pair of boots (worn)
   (You found it on level 2 of the Dungeon)
Magical Staves
 b - a staff of cold {!a}
   (You found it in an ice cave)
 e - a staff of death {!a}
   (You found it on level 2 of the Dungeon)
 D - a staff of conjuration (weapon) {!a}
   (You found it on level 7 of the Dungeon)
 P - a staff of death {!a}
   (You found it on level 1 of the Lair of Beasts)
Jewellery
 f - a ring of protection from fire
   (You found it on level 6 of the Dungeon)
 i - a +6 ring of intelligence
   (You found it on level 5 of the Lair of Beasts)
 o - a +4 ring of protection (right hand)
   (You found it on level 12 of the Dungeon)
 C - a ring of protection from cold
   (You found it on level 7 of the Dungeon)
 F - a ring of protection from fire
   (You found it on level 3 of the Dungeon)
 I - a +6 ring of intelligence (left hand)
   (You took it off an orc priest on level 12 of the Dungeon)
 K - a ring of protection from fire
   (You found it on level 10 of the Dungeon)
 L - a ring of flight
   (You found it on level 6 of the Dungeon)
 M - an amulet of reflection (around neck)
   (You found it on level 9 of the Dungeon)
 N - a ring of positive energy
   (You found it on level 3 of the Lair of Beasts)
Wands
 l - a wand of roots (3)
   (You found it on level 4 of the Dungeon)
 v - a wand of mindburst (9)
   (You found it on level 8 of the Dungeon)
 w - a wand of paralysis (19)
   (You found it on level 5 of the Dungeon)
 E - a wand of flame (32)
   (You found it on level 7 of the Dungeon)
Scrolls
 d - a scroll of butterflies
 r - 6 scrolls of teleportation {@r4}
 s - 3 scrolls of torment {!r}
 t - 4 scrolls of immolation {!r!r}
 y - 2 scrolls of enchant armour
 G - 4 scrolls of enchant weapon
 J - 5 scrolls of blinking {!r}
 Q - a scroll of fear
Potions
 g - 11 potions of curing {@q1}
 h - 5 potions of heal wounds {@q2}
 k - a potion of flight
 m - 3 potions of berserk rage {!q}
 n - a potion of mutation {!q}
 p - a potion of resistance
 q - 5 potions of lignification {!q}
 x - a potion of cancellation
 A - 2 potions of might
 B - 2 potions of brilliance
 O - 3 potions of attraction {!q}
 R - a potion of haste {@q3}

Dungeon Overview and Level Annotations

Branches:
Dungeon (12/15) Zot: 25058  Temple (1/1) D:7 Zot: 5766    Lair (5/5) D:10 Zot: 23531
 Shoals (0/4) Lair:3       Spider (0/4) Lair:3        Slime (0/5) Lair:4
    Orc (0/2) D:9         Ossuary (visited)           IceCv (visited)
Volcano (visited)

Altars:
Ashenzari
Cheibriados
Dithmenos
Elyvilon
Fedhas
Gozag
Hepliaklqana
Kikubaaqudgha
Makhleb
Nemelex Xobeh
Okawaru
Qazlal
Ru
Sif Muna
Trog
Uskayaw
Vehumet
Wu Jian
Xom
Yredelemnul
Zin
The Shining One
Jiyva

Shops:
D:4 :   D:5 (   D:12 *!

Portals:
Abyss: D:9

Annotations:
D:4 1 exclusion
D:5 2 runed translucent doors, Shym's ghost, novice HOFE
D:9 2 transporters, bmj180's ghost, novice GrEE
Lair:5 exclusion: oklob plant

#.....$....
#...................
#...................
#...................
#......Y.Y..........
#.......Y...........
#.....Y.............
#..@................
#.....(.............
#...................
#.......#..#.....#..
#........####..####.
#....$...# #. #.#
#...PPP..# # ##
#...PPP!.. #...
PP..##


You could see an oklob plant and 4 yaks.


Message History

The polar bear closely misses you.
You hear an angry growl. 😨 HP[-10] MP[-3]
You take 10 damage, and now have 38/106 hp.
You lost 3 mp, and now have 5/28 mp.
Casting: Stone Arrow (safe; 1% risk of failure)
Confirm with . or Enter, or press ? or * to list all spells.
Aiming: Stone Arrow (safe; 1% risk of failure)
Press: ? - help, Shift-Dir - straight line, f/p - polar bear
Aim: a polar bear (moderately wounded, 84% to hit)
You feel a surge of power!
The stone arrow hits the polar bear.
The black bear growls angrily.
You hear a howl!
You hear an angry growl.
The hell hound completely misses you. The warg barely misses you.
The hell hound closely misses you. The polar bear bites you.
* * * LOW HITPOINT WARNING * * *
You block the polar bear's attack.
The polar bear closely misses you. 😨 HP[-2] MP[-3]
You take 2 damage, and now have 36/106 hp.
You lost 3 mp, and now have 2/28 mp.
Unknown command.
Casting: Stone Arrow (safe; 1% risk of failure)
Confirm with . or Enter, or press ? or * to list all spells.
Aiming: Sandblast (safe; 1% risk of failure)
Press: ? - help, Shift-Dir - straight line, f/p - polar bear
Aim: a polar bear (heavily wounded, 89% to hit)
The blast of sand hits the polar bear.
The warg bites you but does no damage. The hell hound barely misses you.
The polar bear bites you!
* * * LOW HITPOINT WARNING * * *
The polar bear claws you but does no damage.
The polar bear misses you. You block the warg's attack.
The hell hound bites you but does no damage. 😨 HP[-6]
You take 6 damage, and now have 30/106 hp.
As you read the scroll of teleportation {@r4}, it crumbles to dust.
You feel strangely unstable. The hell hound misses you.
The warg closely misses you.
The polar bear bites you but does no damage.
You block the polar bear's attack. The polar bear misses you.
Casting: Sandblast (safe; 1% risk of failure)
Confirm with . or Enter, or press ? or * to list all spells.
Aiming: Sandblast (safe; 1% risk of failure)
Press: ? - help, Shift-Dir - straight line, f/p - polar bear
Aim: a polar bear (heavily wounded, 89% to hit)
The blast of sand hits the polar bear!
The hell hound barely misses you. The warg bites you but does no damage.
The hell hound closely misses you.
The polar bear goes berserk!
The warg bites you!
* * * LOW HITPOINT WARNING * * *
The hell hound bites you but does no damage.
The polar bear bites you!
* * * LOW HITPOINT WARNING * * *
You block the polar bear's attack.
The polar bear claws you but does no damage. 😱 HP[-24] MP[-1]
You take 24 damage, and now have 6/106 hp.
MASSIVE DAMAGE!! (PAUSE)
You lost 1 mp, and now have 1/28 mp.
Casting: Sandblast (safe; 1% risk of failure)
Confirm with . or Enter, or press ? or * to list all spells.
Aiming: Sandblast (safe; 1% risk of failure)
Press: ? - help, Shift-Dir - straight line, f/p - polar bear
Aim: a polar bear (almost dead, berserk, 89% to hit)
The blast of sand hits the polar bear but does no damage.
The warg completely misses you.
The hell hound bites you but does no damage.
The polar bear misses you. The polar bear barely misses you. x2
The warg bites you but does no damage. The hell hound misses you.
The polar bear closely misses you.
The polar bear claws you but does no damage.
The polar bear misses you.
Unknown command.
Okay, then.
Casting: Sandblast (safe; 1% risk of failure)
Confirm with . or Enter, or press ? or * to list all spells.
Aiming: Sandblast (safe; 1% risk of failure)
Press: ? - help, Shift-Dir - straight line, f/p - polar bear
Aim: a polar bear (almost dead, berserk, 89% to hit)
The blast of sand hits the polar bear!
You kill the polar bear!
Vehumet accepts your kill.
Your surroundings suddenly seem different.
An oklob plant and 4 yaks come into view.
The yak bellows! x2
The yak gores you but does no damage.
The yak bellows!
Marking area around an oklob plant as unsafe for travelling. 😱 HP[+1] MP[-1]
You lost 1 mp, and now have 0/28 mp.
Unknown command.
As you read the scroll of fear, it crumbles to dust.
You assume a fearsome visage.
The oklob plant is unaffected.
The yak looks frightened! x4
You hear an angry hiss.
The oklob plant spits acid at you. The splash of acid misses you.
Okay, then.
The oklob plant spits acid at you. The splash of acid hits you!
You die...

Skill      XL: |  1  2  3  4  5  6  7  8  9 10 11 12 13 14 |
---------------+-------------------------------------------+-----
Earth Magic    | 4 5 6 7 8 10 | 10.0
Conjurations   | 1 2 3 5 6 8 |  8.0
Spellcasting   | 3 4 5 6 8 10 | 10.3
Fighting       | 2 13 15 17 19 | 19.2
Dodging        | 7 8 9 |  9.6
Armour         | 4 7 |  7.5
Stealth        | |  2.1
Transmutations | |  0.7

Action                     |  1- 3 |  4- 6 |  7- 9 | 10-12 | 13-15 || total
---------------------------+-------+-------+-------+-------+-------++-------
  Melee: Unarmed           |     1 |     1 |       |       |       ||     2
         Staff             |       |    24 |     8 |     6 |    35 ||    73
         Punch             |       |       |       |       |     3 ||     3
   Cast: Sandblast         |    46 |   102 |   117 |   153 |   305 ||   723
         Stone Arrow       |       |       |    47 |   104 |   240 ||   391
         Iron Shot         |       |       |       |       |     9 ||     9
  Evoke: Wand              |       |       |       |     2 |       ||     2
    Use: Scroll            |     1 |     6 |    12 |     7 |    12 ||    38
         Potion            |       |     1 |     1 |     1 |     7 ||    10
 Armour: Robe              |     2 |    40 |    47 |    89 |   234 ||   412
  Dodge: Dodged            |     4 |    49 |    67 |   122 |   404 ||   646
  Block: Other             |       |       |       |    21 |   113 ||   134

Levels and vault maps discovered:
D:1:      dpeg_arrival_prison, layout_loops_ring
D:2:      layout_rooms
D:3:      layout_rooms
D:4:      layout_basic, nicolae_dithmenos_the_darkroom, tgw_trog,
          enter_ossuary_5, serial_shops, shop
D:5:      layout_loops_corners, led_sif_pool, mainiacjoe_overflow_alcove_1,
          general_overflow_altar, ebering_ghost_disaster_area, serial_shops,
          shop
D:6:      layout_rooms, worldfamousw_hep_ancestral_shrine, elyvilon_altar_3,
          minmay_overflow_temple_star_quad, uniq_menkaure
D:7:      layout_rooms, lemuel_coloured_pillars_altar, grunt_qazlal_sundering,
          minmay_temple_entry_mist, minmay_manual_mares
D:8:      layout_basic
D:9:      lemuel_flame_loot_2, layout_small_grid,
          mainiacjoe_overflow_small_starburst, zombieorc2_lemuel,
          gammafunk_ghost_abyssal_escape
D:10:     layout_gridville, dpeg_oklobed_lair
D:11:     layout_roguey, uniq_grum, uniq_erica
D:12:     layout_loops_ring, serial_shops, nicolae_shop_stone, zin_purify
Temple:   hellmonk_temple_forest_ring
Lair:1:   layout_regular_city, nzn_random_ring, infiniplex_staircase_pool,
          serial_bayou_shore_a, lemuel_fruit_tree, uniq_amaemon
Lair:2:   layout_roguey
Lair:3:   layout_gridlike, elwin_shoals_entry_rocks, spider_nest_entry_webs,
          portal_ice_cave_demonic_guard, serial_bayou_lagoon_a,
          grunt_megastairs_5
Lair:4:   layout_roguey, slime_entry_1, nicolae_volcano_entry_lava_flow,
          lemuel_fruit_fields, infiniplex_staircase_pool_2,
          serial_bayou_shore_b, grunt_megastairs_4
Lair:5:   hangedman_lair_caniforms_friends, layout_small_grid,
          guppyfry_lair_end_dragon, minmay_lair_oklob_bushes

Notes
Turn   | Place    | Note
-------+----------+-------------------------------------------
     0 | D:1      | kae the Gargoyle Earth Elementalist began the quest for the
                  | Orb.
     0 | D:1      | Reached XP level 1. HP: 10/10 MP: 3/3
     0 | D:1      | magus.rc [v1.11.3]
   130 | D:1      | Reached skill level 4 in Earth Magic
   130 | D:1      | Reached XP level 2. HP: 15/15 MP: 3/5
   360 | D:1      | Reached XP level 3. HP: 19/19 MP: 1/6
   364 | D:1      | Learned a level 3 spell: Stone Arrow
   367 | D:1      | Learned a level 2 spell: Passwall
   920 | D:2      | Reached skill level 1 in Conjurations
   975 | D:2      | Reached XP level 4. HP: 24/24 MP: 6/8
   983 | D:2      | Reached skill level 3 in Spellcasting
  1380 | D:2      | Reached skill level 5 in Earth Magic
  1540 | D:3      | You pick up a book of Minor Magic and begin reading...
  1540 | D:3      | You add the spells Magic Dart, Call Imp and Mephitic Cloud
                  | to your library.
  1562 | D:3      | You pick up a book of Frost and begin reading...
  1562 | D:3      | You add the spells Freeze, Frozen Ramparts and Hailstorm to
                  | your library.
  1785 | D:3      | Reached XP level 5. HP: 28/28 MP: 7/9
  1895 | D:3      | Learned a level 4 spell: Petrify
  2065 | D:4      | Found a sand-covered staircase.
  2069 | Ossuary  | Entered an ossuary
  2075 | Ossuary  | Reached skill level 2 in Conjurations
  2198 | Ossuary  | Reached XP level 6. HP: 10/32 MP: 2/11
  2221 | Ossuary  | Reached skill level 3 in Conjurations
  2317 | Ossuary  | Reached skill level 4 in Spellcasting
  2321 | Ossuary  | Reached skill level 6 in Earth Magic
  2531 | Ossuary  | Reached XP level 7. HP: 22/36 MP: 6/13
  2633 | D:4      | Found a shadowy altar of Dithmenos.
  2872 | D:4      | Found Vorualeo's Book Boutique.
  2940 | D:4      | HP: 5/36 [ogre/+0 giant club (23)]
  2941 | D:4      | Reached skill level 4 in Conjurations
  3368 | D:4      | Noticed a moth of wrath
  3406 | D:4      | Found a bloodstained altar of Trog.
  3663 | D:5      | Entered Level 5 of the Dungeon
  3776 | D:5      | Found Omuf's Antique Weapon Shop.
  3823 | D:5      | Reached skill level 7 in Earth Magic
  3832 | D:5      | Reached skill level 5 in Spellcasting
  4103 | D:5      | Reached skill level 5 in Conjurations
  4103 | D:5      | Reached XP level 8. HP: 37/41 MP: 10/15
  4141 | D:5      | Found a hide-covered altar of Uskayaw.
  4321 | D:5      | Found a large runed translucent door.
  4322 | D:5      | Found a large runed translucent door.
  4325 | D:5      | Noticed Shym's ghost (novice HOFE)
  4450 | D:5      | Found a shimmering blue altar of Sif Muna.
  4710 | D:5      | Found a broken altar of Ashenzari.
  5140 | D:6      | Found a white marble altar of Elyvilon.
  5145 | D:6      | Noticed Menkaure
  5150 | D:6      | Killed Menkaure
  5151 | D:6      | Reached skill level 8 in Earth Magic
  5155 | D:6      | Reached skill level 6 in Conjurations
  5497 | D:6      | Found a hazy altar of Hepliaklqana.
  5533 | D:6      | Reached skill level 6 in Spellcasting
  5582 | D:6      | Found an ancient bone altar of Kikubaaqudgha.
  5601 | D:6      | Found an opulent altar of Gozag.
  5607 | D:6      | Found a sparkling altar of Nemelex Xobeh.
  5704 | D:7      | Found a stormy altar of Qazlal.
  5828 | D:7      | You pick up a book of Burglary and begin reading...
  5828 | D:7      | You add the spells Ensorcelled Hibernation and Swiftness to
                  | your library.
  5830 | D:7      | Found a basalt altar of Yredelemnul.
  5999 | D:7      | Found a staircase to the Ecumenical Temple.
  6007 | D:7      | Reached XP level 9. HP: 42/45 MP: 8/18
  6011 | Temple   | Entered the Ecumenical Temple
  6224 | Temple   | Became a worshipper of Vehumet
  6404 | D:7      | Reached skill level 9 in Earth Magic
  6407 | D:7      | Reached skill level 7 in Conjurations
  6629 | D:7      | Noticed a cyclops
  6645 | D:7      | Killed a cyclops
  6857 | D:8      | Reached skill level 7 in Spellcasting
  6997 | D:8      | You pick up a book of Necromancy and begin reading...
  6997 | D:8      | You add the spells Necrotise, Vampiric Draining and Agony
                  | to your library.
  7267 | D:8      | Reached skill level 8 in Conjurations
  7267 | D:8      | Reached skill level 10 in Earth Magic
  7271 | D:8      | Reached skill level 8 in Spellcasting
  7271 | D:8      | Reached skill level 2 in Fighting
  7271 | D:8      | Reached XP level 10. HP: 40/55 MP: 3/22
  7273 | D:8      | Reached skill level 4 in Fighting
  7281 | D:8      | Reached skill level 5 in Fighting
  7439 | D:8      | Reached skill level 6 in Fighting
  7591 | D:8      | Reached skill level 7 in Fighting
  7863 | D:9      | Reached * piety under Vehumet
  7863 | D:9      | Offered knowledge of Shock by Vehumet.
  7873 | D:8      | Reached skill level 8 in Fighting
  8056 | D:9      | Noticed a hell hog
  8059 | D:9      | Noticed a toenail golem
  8060 | D:9      | Found a one-way gate to the infinite horrors of the Abyss.
  8060 | D:9      | Noticed bmj180's ghost (novice GrEE)
  8060 | D:9      | Noticed a tentacled starspawn
  8067 | D:9      | Found a transporter.
  8069 | D:9      | Noticed a two-headed ogre
  8075 | D:9      | Killed a two-headed ogre
  8076 | D:9      | Reached skill level 10 in Fighting
  8182 | D:9      | Found a glowing silver altar of Zin.
  8227 | D:9      | Found a transporter.
  8458 | D:9      | Found a staircase to the Orcish Mines.
  8472 | D:9      | Reached skill level 11 in Fighting
  8513 | D:9      | Reached ** piety under Vehumet
  8513 | D:9      | Offered knowledge of Poisonous Vapours by Vehumet.
  8879 | D:10     | Entered Level 10 of the Dungeon
  9120 | D:10     | Noticed a manticore
  9124 | D:10     | Killed a manticore
  9125 | D:10     | Reached skill level 12 in Fighting
  9336 | D:10     | Found a staircase to the Lair.
  9338 | D:10     | You are sucked into a shaft and drop 1 floor!
  9381 | D:11     | Reached skill level 13 in Fighting
  9479 | D:11     | Noticed Grum
  9485 | D:11     | Reached XP level 11. HP: 69/79 MP: 23/23
  9490 | D:11     | Reached skill level 14 in Fighting
  9491 | D:11     | Killed Grum
 10076 | D:10     | Reached skill level 15 in Fighting
 10410 | D:11     | Offered knowledge of Ignite Poison by Vehumet.
 10502 | D:11     | Noticed Erica
 10504 | D:11     | Paralysed by Erica for 2 turns
 10507 | D:11     | Killed Erica
 10653 | D:11     | Identified a potion of experience
 10654 | D:11     | Reached skill level 7 in Dodging
 10654 | D:11     | Reached XP level 12. HP: 88/88 MP: 24/24
 10827 | D:12     | You add the spells Olgreb's Toxic Radiance, Ozocubu's
                  | Refrigeration and Ignition to your library.
 10987 | D:12     | Reached *** piety under Vehumet
 11008 | D:12     | Reached skill level 16 in Fighting
 11173 | D:12     | Noticed a boulder beetle
 11185 | D:12     | Killed a boulder beetle
 11244 | D:12     | Noticed a two-headed ogre
 11247 | D:12     | Killed a two-headed ogre
 11334 | D:12     | Found Namih's Distillery.
 11690 | D:12     | Offered knowledge of Sticky Flame by Vehumet.
 11691 | D:12     | Reached skill level 17 in Fighting
 11924 | D:12     | Found Zin's Purification Station.
 11926 | D:12     | Found a glowing silver altar of Zin.
 12278 | Lair:1   | Entered Level 1 of the Lair of Beasts
 12425 | Lair:1   | Reached XP level 13. HP: 96/96 MP: 21/25
 12656 | Lair:1   | Noticed Amaemon
 12680 | Lair:1   | Killed Amaemon
 12685 | Lair:1   | Reached skill level 18 in Fighting
 13285 | Lair:1   | Reached **** piety under Vehumet
 13438 | Lair:1   | You pick up a book of Debilitation and begin reading...
 13438 | Lair:1   | You add the spells Slow and Confusing Touch to your
                  | library.
 13539 | Lair:1   | Offered knowledge of Dazzling Flash by Vehumet.
 14079 | Lair:2   | You pick up a book of the Earth and begin reading...
 14079 | Lair:2   | You add the spells Leda's Liquefaction and Lee's Rapid
                  | Deconstruction to your library.
 14367 | Lair:2   | Reached skill level 19 in Fighting
 14598 | Lair:2   | Learned a level 5 spell: Lee's Rapid Deconstruction
 14686 | Lair:2   | Reached skill level 1 in Armour
 14892 | Lair:3   | Found a frozen archway.
 14983 | IceCv    | Entered an ice cave
 14993 | IceCv    | Reached skill level 2 in Armour
 15062 | IceCv    | Found a transporter.
 15089 | IceCv    | Found a transporter.
 15159 | IceCv    | You add the spells Ozocubu's Armour, Ice Form and Polar
                  | Vortex to your library.
 15159 | IceCv    | Got the Grimoire of a Million Friends
 15165 | IceCv    | You pick up a book of the Hunter and begin reading...
 15165 | IceCv    | You add the spells Call Canine Familiar and Portal
                  | Projectile to your library.
 15371 | Lair:3   | Found a staircase to the Shoals.
 15503 | Lair:3   | Found a hole to the Spider Nest.
 15509 | Lair:3   | Reached skill level 8 in Dodging
 15521 | Lair:3   | Reached skill level 3 in Armour
 15554 | Lair:3   | You pick up a book of Necromancy and begin reading...
 15984 | Lair:3   | Reached skill level 4 in Armour
 16229 | Lair:3   | Reached ***** piety under Vehumet
 16229 | Lair:3   | Offered knowledge of Lightning Bolt by Vehumet.
 16857 | D:4      | Bought a book of Iron for 396 gold pieces
 16857 | D:4      | You pick up a book of Iron and begin reading...
 16857 | D:4      | You add the spells Animate Armour, Blade Hands and Iron
                  | Shot to your library.
 16857 | D:4      | Bought a book of the Moon for 440 gold pieces
 16857 | D:4      | You pick up a book of the Moon and begin reading...
 16857 | D:4      | You add the spells Passage of Golubria, Silence and
                  | Lehudib's Crystal Spear to your library.
 16864 | D:4      | Learned a level 6 spell: Iron Shot
 16873 | D:4      | Learned a level 8 spell: Lehudib's Crystal Spear
 17076 | Lair:4   | Gained mutation: Your large and strong wings let you fly.
                  | [Gargoyle growth]
 17076 | Lair:4   | Reached XP level 14. HP: 106/106 MP: 12/26
 17086 | Lair:3   | Reached skill level 9 in Spellcasting
 17199 | Lair:4   | Found a dark tunnel.
 17264 | Lair:4   | Found a viscous altar of Jiyva.
 17269 | Volcano  | Entered a volcano
 17309 | Volcano  | Reached skill level 5 in Armour
 17540 | Volcano  | HP: 23/106 [gargoyle/stone arrow (12)]
 17861 | Volcano  | HP: 25/106 [skeletal warrior/+1 dire flail of flaming (4)]
 18185 | Volcano  | HP: 25/106 [skeletal warrior/+2 arbalest of flaming (7)]
 18186 | Volcano  | HP: 11/106 [skeletal warrior/bolt (15)]
 18744 | Volcano  | Reached skill level 6 in Armour
 18744 | Volcano  | Reached skill level 9 in Dodging
 18942 | Lair:4   | Found a staircase to the Slime Pits.
 19876 | Lair:5   | Entered Level 5 of the Lair of Beasts
 20216 | Lair:5   | Identified the +8 mace of Metoast {spect, Int+4 SInv}
 20224 | Lair:5   | Reached skill level 10 in Spellcasting
 20369 | Lair:5   | Reached skill level 7 in Armour
 20864 | Lair:5   | Offered knowledge of Irradiate by Vehumet.
 20887 | Lair:5   | HP: 21/106 [warg (10)]
 20887 | Lair:5   | HP: 6/106 [polar bear (15)]
 20891 | Lair:5   | Killed from afar by an oklob plant

Vanquished Creatures
  2 hydras
  Erica (D:11)
  A catoblepas (Lair:4)
  A boulder beetle (D:12)
  2 two-headed ogres
  Amaemon (Lair:1)
  2 skeletal warriors (Volcano)
  A lindwurm (Lair:4)
  2 anaconda skeletons (Volcano)
  3 ugly things
  2 cyclopes
  A manticore (D:10)
  4 elephants (Lair:3)
  A toenail golem (Volcano)
  4 black mambas
  2 ice statues (IceCv)
  2 torpor snails
  6 gargoyles
  4 rime drakes
  7 komodo dragons
  17 cane toads
  A freezing wraith (IceCv)
  An orange demon (Lair:1)
  2 ice devils (Lair:3)
  3 trolls
  2 polar bears
  A hornet (Lair:1)
  2 harpy skeletons (Volcano)
  14 blink frogs
  A raiju (Lair:5)
  A dream sheep (Lair:1)
  3 slime creatures (D:12)
  3 flying skulls (Volcano)
  28 yaks
  A vampire (D:11)
  4 wraiths
  3 wyverns
  4 basilisks
  Menkaure (D:6)
  8 vampire mosquitoes (D:12)
  Grum (D:11)
  3 redbacks (Lair:3)
  A steam dragon (D:8)
  A warg (Lair:5)
  2 acid dragons
  A two-headed ogre zombie (D:9)
  12 water moccasins
  3 hell hounds (Lair:5)
  A hydra simulacrum (IceCv)
  An orc warrior (D:11)
  2 ice beasts
  11 black bears
  A sky beast (D:7)
  22 wolves
  3 ogres
  4 centaurs
  3 phantoms (D:9)
  A kobold brigand (D:6)
  8 bullfrogs
  A necrophage (D:5)
  A cane toad simulacrum (IceCv)
  4 wights (D:10)
  5 water moccasin zombies (Ossuary)
  4 troll zombies (D:9)
  8 killer bees
  A spriggan skeleton (Volcano)
  3 troll skeletons (Volcano)
  3 electric eels
  A jelly (D:7)
  2 gnoll boudas
  A hound (D:6)
  2 orc priests
  2 iguanas (D:6)
  4 orc wizards
  2 wolf simulacra (IceCv)
  3 ogre zombies (D:9)
  2 mummies (Ossuary)
  3 naga skeletons (Volcano)
  12 gnolls
  6 adders
  2 white imps
  An ufetubus (D:5)
  2 adder zombies (Ossuary)
  5 worms
  A dart slug (D:1)
  16 orcs
  12 endoplasms
  3 giant cockroaches (D:1)
  5 goblins
  9 hobgoblins
  3 jackals (D:2)
  5 quokkas
  6 ball pythons
  5 bats
  3 frilled lizards
  5 gnoll zombies (Ossuary)
  A goblin skeleton (D:9)
  2 hobgoblin skeletons (D:9)
  9 hobgoblin zombies
  14 kobolds
  5 kobold zombies (Ossuary)
  4 orc skeletons (D:9)
  20 orc zombies
  8 rats
446 creatures vanquished.

Vanquished Creatures (others)
  14 fungi
  66 plants
80 creatures vanquished.

Grand Total: 526 creatures vanquished

Table legend:
 A = Non-vault XP
 B = Vault XP
 C = Vault XP percentage of total XP
 D = Non-vault monster count
 E = Vault monster count
 F = Vault count percentage of total count
                 A         B        C        D         E       F
            +---------+---------+-------+---------+---------+-------
      Total |   43550 |   22291 |  33.9 |     295 |     151 |  33.9
            +---------+---------+-------+---------+---------+-------
        D:1 |      40 |       5 |  11.1 |      24 |       3 |  11.1
        D:2 |     102 |       0 |   0.0 |      25 |       0 |   0.0
        D:3 |      18 |       0 |   0.0 |       8 |       0 |   0.0
        D:4 |     324 |      13 |   3.9 |      24 |       5 |  17.2
        D:5 |     544 |       0 |   0.0 |      16 |       0 |   0.0
        D:6 |     441 |     183 |  29.3 |      12 |       1 |   7.7
        D:7 |     950 |     216 |  18.5 |       6 |       2 |  25.0
        D:8 |    2411 |       0 |   0.0 |      22 |       0 |   0.0
        D:9 |    1074 |     844 |  44.0 |       8 |      36 |  81.8
       D:10 |    2020 |       0 |   0.0 |      11 |       0 |   0.0
       D:11 |    2245 |    1260 |  35.9 |      14 |       4 |  22.2
       D:12 |    7495 |       0 |   0.0 |      26 |       0 |   0.0
     Lair:1 |    3061 |    4345 |  58.7 |      14 |      13 |  48.1
     Lair:2 |    4924 |       0 |   0.0 |      16 |       0 |   0.0
     Lair:3 |    6383 |    1453 |  18.5 |      27 |       7 |  20.6
     Lair:4 |    4507 |    1996 |  30.7 |      15 |       3 |  16.7
     Lair:5 |    7011 |    3037 |  30.2 |      27 |      18 |  40.0
    Ossuary |       0 |     464 | 100.0 |       0 |      30 | 100.0
      IceCv |       0 |    2057 | 100.0 |       0 |       8 | 100.0
    Volcano |       0 |    6418 | 100.0 |       0 |      21 | 100.0
            +---------+---------+-------+---------+---------+-------

Illustrated notes

Table legend:
 A = Kills in this place as a percentage of kills in entire the game.
 B = Kills by you in this place as a percentage of kills by you in the entire game.
 C = Kills by friends in this place as a percentage of kills by friends in the entire game.
 D = Other kills in this place as a percentage of other kills in the entire game.
 E = Experience gained in this place as a percentage of experience gained in the entire game.
 F = Experience gained in this place divided by the number of levels of this place that you have seen.
                   A       B       C       D       E      F
               +-------+-------+-------+-------+-------+----------------------
         Total | 100.0 | 100.0 |   N/A |   N/A | 100.0 | 3135.3
       Dungeon |  55.4 |  55.4 |   N/A |   N/A |  30.7 | 1682.1
          Lair |  31.4 |  31.4 |   N/A |   N/A |  55.8 | 7343.4
       Ossuary |   6.7 |   6.7 |   N/A |   N/A |   0.7 | 464.0
      Ice Cave |   1.8 |   1.8 |   N/A |   N/A |   3.1 | 2057.0
       Volcano |   4.7 |   4.7 |   N/A |   N/A |   9.7 | 6418.0
               +-------+-------+-------+-------+-------+----------------------

Table legend: (Time is in decaauts)
 A = Elapsed time spent in this place.
 B = Non-inter-level travel time spent in this place.
 C = Inter-level travel time spent in this place.
 D = Time resting spent in this place.
 E = Time spent auto-exploring this place.
 F = Levels seen in this place.
 G = Mean time per level.
                   A        B        C        D        E       F      G
               +--------+--------+--------+--------+--------+-----+--------+
         Total |  21285 |  20222 |   1063 |    643 |  16737 |  21 | 1013.6 |
       Dungeon |  11989 |  11232 |    757 |    276 |   9523 |  12 |  999.1 |
        Temple |    233 |    197 |     36 |      0 |    187 |   1 |  233.0 |
          Lair |   6467 |   6198 |    269 |    179 |   5132 |   5 | 1293.4 |
       Ossuary |    589 |    589 |      0 |      9 |    428 |   1 |  589.0 |
      Ice Cave |    341 |    341 |      0 |     69 |    191 |   1 |  341.0 |
       Volcano |   1664 |   1664 |      0 |    109 |   1276 |   1 | 1664.0 |
               +--------+--------+--------+--------+--------+-----+--------+

Top non-repeatable levels by time:
 Volcano: 1664 daAuts
  Lair:3: 1633 daAuts
  Lair:1: 1568 daAuts
    D:12: 1566 daAuts
     D:4: 1325 daAuts
     D:5: 1286 daAuts
     D:8: 1199 daAuts
  Lair:2: 1113 daAuts
  Lair:4: 1084 daAuts
  Lair:5: 1067 daAuts
    D:10: 1040 daAuts
     D:9: 952 daAuts
     D:7: 939 daAuts
    D:11: 915 daAuts
     D:6: 813 daAuts
